 Dungeon Crawl Stone Soup version 0.24-a0-479-g9a978d2894 (webtiles) character file.

Game seed: 13312084297735864797

12857 KristoblXynda the Blocker (level 11, -4/72 HPs)
             Began as a Gargoyle Fighter on July 7, 2019.
             Was an Initiate of Gozag.
             Slain by an orc warrior
             ... wielding a +0 halberd
              (15 damage)
             ... in a bailey.
             The game lasted 00:24:12 (11036 turns).

KristoblXynda the Blocker (Gargoyle Fighter)       Turns: 11036, Time: 00:24:13

Health: -4/72      AC: 26    Str: 25    XL:     11   Next: 99%
Magic:  12/12      EV:  6    Int: 10    God:    Gozag
Gold:   634        SH: 12    Dex: 10    Spells: 10/10 levels left

rFire    . . .     SeeInvis +   D - +8 morningstar "Aniud" {venom, MR+}
rCold    . . .     Gourm    .   c - +0 shield
rNeg     + . .     Faith    .   r - +1 plate armour {MR+}
rPois    ∞         Spirit   .   b - +0 helmet
rElec    +         Reflect  .   z - scarf {repulsion}
rCorr    .         Harm     .   E - +0 pair of gloves
MR       ++...                  (no boots)
Stlth    ..........             (no amulet)
HPRegen  0.22/turn              k - +4 ring of strength
MPRegen  0.13/turn              o - ring of see invisible

@: repel missiles
A: negative energy resistance 1, electricity resistance, unbreathing,
petrification resistance, rot immunity, AC +8
a: Potion Petition, Call Merchant, Bribe Branch, Renounce Religion


You were in a bailey.
You worshipped Gozag.
Gozag was pleased with you.
You were not hungry.

You visited 4 branches of the dungeon, and saw 14 of its levels.
You also visited: Sewer and Bailey.

You collected 1698 gold pieces.
You spent 936 gold pieces at shops.
You paid 128 gold pieces to Gozag.

Inventory:

Hand Weapons
 C - a +0 war axe
 D - the +8 morningstar "Aniud" (weapon) {venom, MR+}
   (You bought it in a shop on level 4 of the Dungeon)

   It poisons the flesh of those it strikes.
   It affects your resistance to hostile enchantments.
Armour
 b - a +0 helmet (worn)
 c - a +0 shield (worn)
 r - a +1 plate armour of magic resistance (worn)
 z - a scarf of repulsion (worn)
 E - a +0 pair of gloves (worn)
Jewellery
 k - a +4 ring of strength (left hand)
 m - an uncursed ring of wizardry
 o - a ring of see invisible (right hand)
Wands
 s - a wand of acid (5)
 A - a wand of disintegration (15)
Scrolls
 i - 3 scrolls of remove curse
 n - 6 scrolls of teleportation
 q - 2 scrolls of enchant weapon
 t - 2 scrolls of identify
 y - a scroll of magic mapping
Potions
 a - a potion of berserk rage {unknown}
 e - a potion of mutation
 g - 5 potions of flight
 h - 5 potions of curing
 j - 3 potions of resistance
 l - a potion of haste
 u - a potion of degeneration {unknown}
 v - a potion of invisibility
 w - a potion of brilliance
 x - a potion of magic
Miscellaneous
 B - a phial of floods
Comestibles
 f - 18 rations


   Skills:
 - Level 10.0 Fighting
 + Level 1.2(5.9) Axes
 - Level 10.0 Maces & Flails
 + Level 10.7 Armour
 + Level 10.7 Shields
 + Level 2.6 Evocations


You had 10 spell levels left.
You didn't know any spells.
Your spell library contained the following spells:

 Spells                   Type           Power        Failure   Level  Hunger
 Shock                    Conj/Air       #...         100%        1    ##.....
 Corpse Rot               Necr           N/A          100%        2    ###....
 Poisonous Vapours        Pois/Air       #.....       100%        2    ###....
 Swiftness                Chrm/Air       #.......     100%        2    ###....
 Conjure Flame            Conj/Fire      #.......     100%        3    ####...
 Mephitic Cloud           Conj/Pois/Air  #.......     100%        3    ####...
 Static Discharge         Conj/Air       #.......     100%        3    ####...
 Stone Arrow              Conj/Erth      #.....       100%        3    ####...
 Airstrike                Air            #.........   100%        4    #####..
 Leda's Liquefaction      Hex/Erth       #.........   100%        4    #####..
 Irradiate                Conj/Tmut      #.........   100%        5    ######.
 Lightning Bolt           Conj/Air       #.........   100%        5    ######.
 Summon Forest            Summ/Tloc      #.........   100%        5    ######.
 Freezing Cloud           Conj/Ice/Air   #.........   100%        6    #######
 Hydra Form               Tmut           #.........   100%        6    #######
 Dragon Form              Tmut           #.........   100%        7    #######
 Ring of Flames           Chrm/Fire      #.........   100%        7    #######
 Summon Hydra             Summ           #.........   100%        7    #######
 Statue Form              Tmut/Erth      Unusable     N/A         6    N/A

Dungeon Overview and Level Annotations

Branches:
Dungeon (11/15)            Temple (1/1) D:7            Lair (1/6) D:8
    Orc (1/2) D:9

Altars:
Ashenzari
Cheibriados
Dithmenos
Elyvilon
Fedhas
Gozag
Hepliaklqana
Kikubaaqudgha
Makhleb
Nemelex Xobeh
Okawaru
Qazlal
Ru
Sif Muna
Trog
Uskayaw
Vehumet
Wu Jian
Xom
Yredelemnul
Zin
The Shining One

Shops:
D:4 (   D:5 :   D:6 !   D:9 (

Annotations:
D:3 3 runed translucent doors, drasked's ghost, amateur OgHu; quik's ghost, amateur TeAE


Innate Abilities, Weirdness & Mutations

You are resistant to torment.
Your stone body is resilient. (AC +8)
You are immune to poison.
You resist negative energy. (rN+)
You are resistant to electric shocks. (rElec)
You can survive without breathing.
You are immune to petrification.
You are immune to rotting.


Message History

The orc warrior hits you with a +0 halberd.
You block the orc warrior's attack.
Unknown command.
You closely miss the orc knight.
The orc knight is heavily wounded.
The orc warrior shoots a bolt.
You block the bolt.
The orc knight hits you with a +0 trident!!
* * * LOW HITPOINT WARNING * * *
You block the orc warrior's attack.
Unknown command.
You closely miss the orc knight.
The orc knight is severely wounded.
The orc warrior hits you but does no damage.
The orc knight hits you but does no damage.
The orc warrior shoots a bolt.
The bolt hits you.
* * * LOW HITPOINT WARNING * * *
Unknown command.
The orc warrior hits you from afar with a +0 halberd!
You die...
Your body crumbles into a pile of gold.

### #### ##∩##
#####
....##...##.....
≈≈≈..#...#..≈≈≈.
≈o≈≈.......≈≈o≈≈
$
.oo≈..o§§§§≈oo.≈
$
≈o≈≈.§§§oo§≈≈o≈≈
≈≈..#o§§#..≈≈≈.
o #§@§# .....
##§## #### ###


You could see an orc knight and 2 orc warriors.

Vanquished Creatures
  Gastronok (D:10)
  An ogre mage (D:10)
  2 two-headed ogres
  An unseen horror (D:10)
  A deep elf mage (D:10)
  2 cyclopes
  2 gargoyles (D:10)
  A troll (D:10)
  A slime creature (D:10)
  4 hippogriffs
  A spriggan (D:7)
  A wyvern (D:10)
  A hungry ghost (D:11)
  Edmund (D:6)
  A water moccasin (D:10)
  4 ice beasts
  3 sky beasts
  4 orc warriors
  3 ogres
  3 phantoms
  2 black bears
  A necrophage (D:7)
  2 centaurs (D:6)
  A crocodile (D:9)
  2 big kobolds
  10 bullfrogs
  A wyvern skeleton (D:7)
  A wight (D:10)
  A howler monkey (D:5)
  4 crimson imps
  A centaur zombie (D:6)
  5 hounds
  A quasit (D:8)
  7 orc priests
  4 jellies
  17 orc wizards
  2 bullfrog skeletons
  2 centaur skeletons
  4 iguanas
  Ijyb (D:4)
  7 worker ants
  A merfolk avatar (Sewer)
  A spectral hound (D:9)
  2 hound zombies
  3 hound skeletons
  A worker ant zombie (D:5)
  11 gnolls
  A howler monkey skeleton (D:9)
  13 adders
  3 river rats (Sewer)
  3 shadow imps
  A worker ant simulacrum (D:10)
  3 oozes
  An adder zombie (D:9)
  2 adder skeletons
  6 worms
  2 dart slugs
  8 leopard geckos
  53 orcs
  4 bats
  11 giant cockroaches
  11 goblins
  2 hobgoblins
  3 jackals (D:4)
  11 kobolds
  6 quokkas
  7 ball pythons
  13 frilled lizards
  A jackal zombie (D:6)
  2 leopard gecko skeletons
  A leopard gecko zombie (D:9)
  A quokka skeleton (D:9)
  26 rats
328 creatures vanquished.

Vanquished Creatures (others)
  An unseen horror (D:10)
  A plant (D:8)
2 creatures vanquished.

Grand Total: 330 creatures vanquished

Notes
Turn   | Place    | Note
-------+----------+-------------------------------------------
     0 | D:1      | KristoblXynda the Gargoyle Fighter began the quest for the
                  | Orb.
     0 | D:1      | Reached XP level 1. HP: 14/14 MP: 1/1
   116 | D:1      | Reached XP level 2. HP: 19/19 MP: 0/2
   835 | D:1      | Reached XP level 3. HP: 18/23 MP: 3/3
  1478 | D:2      | Reached XP level 4. HP: 25/28 MP: 4/4
  2069 | D:3      | Reached XP level 5. HP: 15/32 MP: 5/5
  2301 | D:3      | Found a runed translucent gate.
  2301 | D:3      | Found a runed translucent gate.
  2301 | D:3      | Found a runed translucent gate.
  2315 | D:3      | Noticed quik's ghost (amateur TeAE)
  2315 | D:3      | Noticed drasked's ghost (amateur OgHu)
  2413 | D:3      | Reached XP level 6. HP: 11/37 MP: 6/6
  2739 | D:3      | Found a glowing golden altar of the Shining One.
  2739 | D:3      | Found a shimmering altar of Xom.
  2961 | D:4      | Found a glowing drain.
  2985 | Sewer    | Entered a sewer
  3604 | D:4      | Reached skill level 5 in Maces & Flails
  3604 | D:4      | Reached skill level 5 in Armour
  3615 | D:4      | Reached skill level 5 in Shields
  3620 | D:4      | Reached XP level 7. HP: 26/42 MP: 7/7
  3624 | D:4      | Noticed Ijyb
  3639 | D:4      | Killed Ijyb
  3787 | D:4      | HP: 2/42 [orc wizard/magic dart (10)]
  4350 | D:4      | Found Imaghoi's Weapon Shoppe.
  4495 | D:5      | Entered Level 5 of the Dungeon
  4852 | D:5      | Reached XP level 8. HP: 42/48 MP: 8/8
  4873 | D:5      | Found Mexoox's Book Boutique.
  5171 | D:5      | Found a stormy altar of Qazlal.
  5261 | D:5      | Reached skill level 5 in Fighting
  5691 | D:6      | Found Apawutwo's Distillery.
  5737 | D:6      | Bought a potion of lignification for 42 gold pieces
  5759 | D:6      | Noticed Edmund
  5789 | D:6      | Killed Edmund
  5975 | D:6      | Reached XP level 9. HP: 55/55 MP: 9/9
  6032 | D:6      | Found a basalt altar of Yredelemnul.
  7122 | D:7      | Found a staircase to the Ecumenical Temple.
  7135 | Temple   | Entered the Ecumenical Temple
  7448 | Temple   | Became a worshipper of Gozag Ym Sagoz the Greedy
  7577 | D:7      | Found a sacrificial altar of Ru.
  7579 | D:7      | Found a shattered altar of Ashenzari.
  7579 | D:7      | Found a shimmering altar of Xom.
  7581 | D:7      | Found a bloodstained altar of Trog.
  7581 | D:7      | Found an iron altar of Okawaru.
  7581 | D:7      | Found a stormy altar of Qazlal.
  7610 | D:7      | Reached XP level 10. HP: 63/63 MP: 10/10
  7679 | D:8      | Found a staircase to the Lair.
  8567 | D:9      | Found a staircase to the Orcish Mines.
  8568 | D:9      | Found Wubroam's Weapon Emporium.
  8624 | D:9      | Bought a +2 flail of crushing for 206 gold pieces
  9079 | D:10     | Entered Level 10 of the Dungeon
  9121 | D:10     | Noticed Gastronok
  9142 | D:10     | Killed Gastronok
  9374 | D:10     | Reached XP level 11. HP: 67/71 MP: 11/11
  9882 | D:10     | Noticed an unseen horror
  9883 | D:10     | Noticed a two-headed ogre
  9912 | D:10     | Killed a two-headed ogre
  9912 | D:10     | Reached skill level 10 in Armour
  9912 | D:10     | Reached skill level 10 in Shields
  9941 | D:10     | Killed an unseen horror
 10007 | D:10     | Noticed a cyclops
 10007 | D:10     | Noticed a deep elf mage
 10008 | D:10     | Noticed an ogre mage
 10012 | D:10     | Killed a deep elf mage
 10016 | D:10     | Noticed an unseen horror
 10025 | D:10     | Killed an unseen horror
 10026 | D:10     | Reached skill level 1 in Evocations
 10028 | D:10     | Killed an ogre mage
 10032 | D:10     | Killed a cyclops
 10150 | D:10     | Reached skill level 10 in Fighting
 10615 | D:4      | Bought the +8 morningstar "Aniud" {venom, MR+} for 688 gold
                  | pieces
 10806 | Lair:1   | Entered Level 1 of the Lair of Beasts
 10847 | Orc:1    | Entered Level 1 of the Orcish Mines
 10876 | D:11     | Found a sacrificial altar of Ru.
 10924 | D:11     | Reached skill level 10 in Maces & Flails
 10961 | D:11     | Noticed a cyclops
 10967 | D:11     | Killed a cyclops
 10980 | D:11     | Found a flagged portal.
 10980 | D:11     | Noticed a two-headed ogre
 10989 | D:11     | Killed a two-headed ogre
 10989 | D:11     | Reached skill level 1 in Axes
 11020 | Bailey   | Entered a bailey
 11020 | Bailey   | Noticed an orc knight
 11020 | Bailey   | Noticed an orc knight
 11022 | Bailey   | Noticed an orc knight
 11023 | Bailey   | Noticed an orc knight
 11036 | Bailey   | Slain by an orc warrior

Levels and vault maps discovered:
D:1:      eino_arrival_cavern_d, layout_basic
D:2:      layout_basic
D:3:      layout_loops_ring, gammafunk_temple_overflow_elements,
          gammafunk_ghost_cemetery
D:4:      layout_basic, serial_shops, kennysheep_little_box,
          cheibrodos_sewer_entry_bend, uniq_ijyb
D:5:      layout_gridville, nicolae_overflow_hidden_temple, serial_shops,
          shop_fountains, first_ration
D:6:      layout_basic, lemuel_doored_altar, serial_shops, shop, uniq_edmund
D:7:      layout_cave_pools, minmay_temple_entry_drinking_statues, the_bakery,
          doesnt_xom_only_xom
D:8:      lemuel_upstairs_altar, layout_loops_ring, dpeg_oklobed_lair
D:9:      layout_loops_ring, orc_david_3, hangedman_weighted_door,
          minmay_lizard_king
D:10:     minmay_the_grid_net [minmay_the_grid_rooms,
          minmay_the_grid_zigzag_pyramid, minmay_the_grid_embedded,
          minmay_the_grid_x, minmay_the_grid_spikes,
          minmay_the_grid_prize_four_corners], layout_gridville, uniq_gastronok
D:11:     layout_rooms, basic_altar, enter_bailey_3, grunt_ministairs_1,
          nicolae_dithmenos_shadow_blocks
Temple:   hc_temple_tempest_star
Lair:1:   layout_gridlike, gammafunk_ghost_necromancy, serial_bayou_pond_d
Orc:1:    layout_diamond_mine, basic_altar
Bailey:   bailey_polearm_4, bailey

Skill      XL: |  1  2  3  4  5  6  7  8  9 10 11 |
---------------+----------------------------------+-----
Maces & Flails | 3 4 5 6 7 9 10 | 10.0
Armour         | 4 5 6 8 9 10 | 10.7
Shields        | 4 5 6 8 9 10 | 10.7
Fighting       | 4 6 7 9 10 | 10.0
Evocations     | 2 |  2.6
Axes           | 1 |  1.2

Action                   |  1- 3 |  4- 6 |  7- 9 | 10-12 || total
-------------------------+-------+-------+-------+-------++-------
Melee: Whip              |    36 |       |       |       ||    36
       Flail             |    78 |   358 |   555 |   409 ||  1400
       Morningstar       |       |       |       |    37 ||    37
Invok: Potion Petition   |       |       |       |     1 ||     1
Evoke: Wand              |       |       |       |     4 ||     4
  Use: Scroll            |     2 |     5 |     8 |     7 ||    22
       Potion            |       |     3 |     2 |     5 ||    10
  Eat: Chunk             |     2 |     7 |    10 |       ||    19
       Ration            |       |       |     2 |     4 ||     6
Armor: Scale mail        |    49 |    26 |       |       ||    75
       Chain mail        |       |   159 |   105 |       ||   264
       Plate armour      |       |       |   260 |   180 ||   440
       Skin              |       |       |       |    11 ||    11
Dodge: Dodged            |    30 |    61 |   134 |    70 ||   295
       Deflected         |       |       |       |     2 ||     2
Block: Shield            |    51 |   182 |   349 |   218 ||   800

Table legend:
 A = Non-vault XP
 B = Vault XP
 C = Vault XP percentage of total XP
 D = Non-vault monster count
 E = Vault monster count
 F = Vault count percentage of total count
                 A         B        C        D         E       F
            +---------+---------+-------+---------+---------+-------
      Total |    8801 |    9567 |  52.1 |     236 |      93 |  28.3
            +---------+---------+-------+---------+---------+-------
        D:1 |      38 |       0 |   0.0 |      15 |       0 |   0.0
        D:2 |      64 |       0 |   0.0 |      22 |       0 |   0.0
        D:3 |     268 |       0 |   0.0 |      30 |       0 |   0.0
        D:4 |     182 |      38 |  17.3 |      17 |       2 |  10.5
        D:5 |     964 |       0 |   0.0 |      24 |       0 |   0.0
        D:6 |    1096 |     169 |  13.4 |      33 |       1 |   2.9
        D:7 |    1438 |     229 |  13.7 |      28 |       1 |   3.4
        D:8 |    1018 |       0 |   0.0 |      19 |       0 |   0.0
        D:9 |     594 |     322 |  35.2 |      16 |      16 |  50.0
       D:10 |    1457 |    8637 |  85.6 |      23 |      29 |  55.8
       D:11 |    1682 |       8 |   0.5 |       9 |       4 |  30.8
      Sewer |       0 |     164 | 100.0 |       0 |      40 | 100.0
            +---------+---------+-------+---------+---------+-------
